 Dungeon Crawl Stone Soup version 0.28-a0-544-g207b005307 (webtiles) character file.

Game seed: 3863632579696087083

67 Dexcius the Chopper (level 3, -13/34 HPs)
             Began as a Minotaur Berserker on Sept 28, 2021.
             Was a Believer of Trog.
             Killed by nerve-wracking pain
             ... invoked by an orc priest
              (14 damage)
             ... on level 3 of the Dungeon.
             The game lasted 00:03:01 (1821 turns).

Dexcius the Chopper (Minotaur Berserker)            Turns: 1821, Time: 00:03:02

Health: -13/34     AC:  2    Str: 22    XL:     3   Next: 98%
Magic:  2/2        EV:  9    Int:  4    God:    Trog [**....]
Gold:   96         SH:  6    Dex:  9    Spells: 2/2 levels left

rFire   . . .      SeeInvis .   a - +0 hand axe
rCold   . . .      Faith    .   e - +0 kite shield
rNeg    . . .      Spirit   .   b - +0 animal skin
rPois   .          Reflect  .   (helmet restricted)
rElec   .          Harm     .   (no cloak)
rCorr   .          Rampage  .   (no gloves)
Will    .....                   (no boots)
Stlth   +.........              (no amulet)
HPRegen 0.11/turn               (no ring)
MPRegen 0.08/turn               (no ring)

@: on berserk cooldown, slowed, very slow
A: horns 2, retaliatory headbutt
a: Renounce Religion, Berserk, Trog's Hand


You were on level 3 of the Dungeon.
You worshipped Trog.
Trog was pleased with you.
You visited 1 branch of the dungeon, and saw 3 of its levels.

You collected 96 gold pieces.

Inventory:

Hand Weapons
 a - a +0 hand axe (weapon)
Armour
 b - a +0 animal skin (worn)
 e - a +0 kite shield (worn)
Wands
 h - a wand of acid (5)
Scrolls
 c - a scroll of blinking {unknown}
 f - 2 scrolls of enchant weapon {unknown}
 g - a scroll of holy word {unknown}
Potions
 d - a potion of curing


   Skills:
 + Level 4.4 Fighting
 + Level 4.6 Axes
 + Level 2.6 Armour
 + Level 2.8 Dodging
 + Level 0.4 Stealth


You had 2 spell levels left.
You didn't know any spells.
Your spell library was empty.

Dungeon Overview and Level Annotations

Branches:
Dungeon (3/15)

Altars:

Shops:
D:2 *


Innate Abilities, Weirdness & Mutations

You have a pair of horns on your head.
You reflexively headbutt those who attack you in melee.


Message History

You closely miss the orc.
The orc priest miscasts a cantrip.
The orc hits you with a +0 flail.
The orc wizard hits you with a +0 dagger.
You bump into the rock wall.
You are no longer berserk.
You are exhausted.
You feel yourself slow down. The orc hits you with a +0 flail!
You bump into the rock wall.
The orc closely misses you.
The orc wizard hits you but does no damage.
You hit the orc wizard but do no damage.
The orc wizard is severely wounded.
You hit the orc.
You feel less confused. The orc hits you but does no damage.
The orc wizard hits you with a +0 dagger.
The orc wizard hits you but does no damage.
The orc closely misses you. Something hits you but does no damage.
You barely miss the orc wizard. You headbutt the orc wizard.
You kill the orc wizard!
Trog accepts your kill.
Trog appreciates your killing of a magic user.
You miss something. You hit the orc.
You kill the orc!
Trog accepts your kill. Something hits you. x2
* * * LOW HITPOINT WARNING * * *
You miss something. Something hits you but does no damage.
The orc priest looks braver for a moment.
You block something's attack. The orc priest closely misses you.
You see here a +0 dagger.
You hit the orc priest.
The orc priest is lightly wounded.
You closely miss something. Something hits you.
* * * LOW HITPOINT WARNING * * *
You block the orc priest's attack. Something hits you.
* * * LOW HITPOINT WARNING * * *
The orc priest invokes the aid of Beogh against you.
Pain shoots through your body!
You die...

#####
#<.)#
#@#.......
#.o.....##
#..####.#
#..# #
...# .#.#
. .. #. .#


You could see an orc priest.

Vanquished Creatures
  An orc wizard (D:3)
  5 orcs
  5 ball pythons
  A bat (D:2)
  8 endoplasms
  2 giant cockroaches (D:1)
  3 goblins
  A hobgoblin (D:1)
  2 frilled lizards
  2 kobolds
  4 rats (D:2)
34 creatures vanquished.

Notes
Turn   | Place    | Note
-------+----------+-------------------------------------------
     0 | D:1      | Dexcius the Minotaur Berserker began the quest for the Orb.
     0 | D:1      | Reached XP level 1. HP: 19/19 MP: 0/0
   352 | D:1      | Reached XP level 2. HP: 27/27 MP: 1/1
  1187 | D:2      | Reached XP level 3. HP: 33/33 MP: 2/2
  1274 | D:2      | Found a faded altar of an unknown god.
  1546 | D:2      | Found Utuep's General Store.
  1811 | D:3      | Reached ** piety under Trog
  1821 | D:3      | HP: 1/34 [something (3)]
  1821 | D:3      | Killed from afar by an orc priest

Illustrated notes

Levels and vault maps discovered:
D:1:      dpeg_cavernosity, layout_loops_ring, minmay_tree_intersection,
          chequers_mini_garden
D:2:      layout_basic, ebering_ecumenical_altar_rust, serial_shops, shop,
          kennysheep_minor_cross
D:3:      layout_loops_ring

Skill      XL: |  1  2 |
---------------+-------+-----
Axes           | 4 |  4.6
Fighting       | 4 |  4.4
Armour         | |  2.6
Dodging        | |  2.8
Stealth        | |  0.4

Action                   || total
-------------------------++-------
Melee: Hand axe          ||    62
       Headbutt          ||    13
Invok: Berserk           ||     2
  Use: Potion            ||     2
       Scroll            ||     1
 Stab: Sleeping          ||     1
Armor: Animal skin       ||     9
Dodge: Dodged            ||    32
Block: Kite shield       ||     6

Table legend: (Time is in decaauts)
 A = Elapsed time spent in this place.
 B = Non-inter-level travel time spent in this place.
 C = Inter-level travel time spent in this place.
 D = Time resting spent in this place.
 E = Time spent auto-exploring this place.
 F = Levels seen in this place.
 G = Mean time per level.
                   A        B        C        D        E       F      G
               +--------+--------+--------+--------+--------+-----+--------+
         Total |   1836 |   1774 |     62 |    261 |   1270 |   3 |  612.0 |
       Dungeon |   1836 |   1774 |     62 |    261 |   1270 |   3 |  612.0 |
               +--------+--------+--------+--------+--------+-----+--------+

Top non-repeatable levels by time:
     D:1: 1016 daAuts
     D:2: 799 daAuts
     D:3: 19 daAuts
